 Dungeon Crawl Stone Soup version 0.23-a0-767-gdc19b93d68 (webtiles) character file.

599 LLavrengius the Shield-Bearer (level 7, -1/49 HPs)
             Began as an Octopode Fighter on Jan 26, 2019.
             Slain by Duvessa
             ... wielding a +0 rapier
              (12 damage)
             ... on level 4 of the Dungeon.
             The game lasted 00:14:54 (4151 turns).

LLavrengius the Shield-Bearer (Octopode Fighter)    Turns: 4151, Time: 00:14:55

Health: -1/49      AC:  1    Str: 15    XL:     7   Next: 41%
Magic:  7/7        EV: 12    Int: 13    God:
Gold:   256        SH: 11    Dex: 11    Spells: 6/6 levels left

rFire    . . .     SeeInvis .   r - +1 scimitar
rCold    . . .     Gourm    .   b - +1 shield
rNeg     . . .     Faith    .   (helmet restricted)
rPois    +         Spirit   .   (no amulet)
rElec    .         Reflect  .   u - +1 ring of slaying
rCorr    .         Harm     .   q - ring of poison resistance
MR       .....                  (no ring)
Stlth    ++........             (no ring)
HPRegen  0.16/turn              (no ring)
MPRegen  0.10/turn              (no ring)
                                (no ring)
                                (no ring)

@: no status effects
A: almost no armour, stealthy swim, amphibious, 8 rings, constrict 8, camouflage
1, gelatinous body 1
a: no special abilities


You were on level 4 of the Dungeon.
You were very hungry.

You visited 1 branch of the dungeon, and saw 4 of its levels.
You also visited: Sewer.

You collected 256 gold pieces.

Inventory:

Hand Weapons
 a - a +0 long sword
 r - a +1 scimitar (weapon)
Armour
 b - a +1 shield (worn)
 t - a +0 buckler
Jewellery
 q - a ring of poison resistance (right tentacle)
 u - a +1 ring of slaying (left tentacle)
Wands
 w - a wand of acid (12)
 x - a wand of random effects (16)
Scrolls
 e - 2 scrolls of blinking
 g - a scroll of identify
 h - 3 scrolls of remove curse
 m - 2 scrolls of teleportation
 o - a scroll of fear {unknown}
 s - 3 scrolls of fog
 v - 2 scrolls of magic mapping
Potions
 c - 4 potions of flight
 f - 2 potions of degeneration
 i - 2 potions of brilliance
 j - 2 potions of berserk rage
 k - 3 potions of agility
 l - a potion of heal wounds
 n - a potion of invisibility
 p - a potion of curing
 z - a potion of mutation {unknown}
Comestibles
 d - 10 rations


   Skills:
 + Level 4.8 Fighting
 + Level 4.2 Long Blades
 - Level 3.0 Dodging
 * Level 6.2 Shields


You had 6 spell levels left.
You didn't know any spells.
Your spell library contained the following spells:

 Spells                   Type           Power        Failure   Level  Hunger
 Corona                   Hex            #......      67%         1    ##.....
 Ensorcelled Hibernation  Hex/Ice        #.....       82%         2    ###....
 Confuse                  Hex            #.......     96%         3    ####...
 Dazzling Spray           Conj/Hex       #.....       96%         3    ####...
 Tukima's Dance           Hex            #.......     96%         3    ####...


Dungeon Overview and Level Annotations

Branches:
Dungeon (4/15)
 Temple: D:4-7

Altars:
Kikubaaqudgha
Qazlal
Vehumet
Wu Jian
Xom

Annotations:
D:4 Duvessa


Innate Abilities, Weirdness & Mutations

You cannot wear most types of armour.
You are very stealthy in the water. (Stealth+)
You are amphibious.
You can wear up to eight rings at the same time.
You can use your tentacles to constrict eight enemies at once.
Your skin changes colour to match your surroundings (Stealth+).
Your rubbery body absorbs attacks. (AC +1, EV +1)


Message History

Duvessa is lightly wounded.
Duvessa hits you but does no damage. Duvessa hits you with a +0 rapier!
You hit Duvessa. You grab Duvessa.
Duvessa is lightly wounded.
You constrict Duvessa, but do no damage.
Duvessa hits you with a +0 rapier. You block Duvessa's attack.
You slash Duvessa! You squeeze Duvessa, but do no damage.
Duvessa is moderately wounded.
You constrict Duvessa. You block Duvessa's attack.
You hit Duvessa. You squeeze Duvessa, but do no damage.
Duvessa is heavily wounded.
You constrict Duvessa. Duvessa hits you with a +0 rapier!
* * * LOW HITPOINT WARNING * * *
Duvessa misses you.
You riposte.
You hit Duvessa.
Duvessa is heavily wounded.
You hit Duvessa but do no damage.
Duvessa is heavily wounded.
You constrict Duvessa. You block Duvessa's attack.
Duvessa hits you with a +0 rapier!
You die...

#......#...#..##8#.8.#8#.##''
#..>...#...#..############.##
#......#...#...## ##...
#......#...#....## #....
#......###'##....## #.8..
#.................## ##...
#..................##########
#.............#..............
#######.....@.'..............
#....)e.#..............
#.......#..............
#...<...#....##...##...
#.......#....##...##...
#.......#.....#........
#.......'.....#........
#.......#.....#......[.
#.......#.....#........


You could see Duvessa (berserk).

Vanquished Creatures
  Purgy (Sewer)
  An ogre (D:4)
  Dowan (D:4)
  2 hounds (D:4)
  An orc priest (D:3)
  Crazy Yiuf (D:4)
  2 orc wizards (D:3)
  A worker ant (D:4)
  2 adders (Sewer)
  2 howler monkey skeletons (D:4)
  3 oozes
  2 worms
  3 leopard geckos
  11 orcs
  3 ball pythons
  7 giant cockroaches
  6 goblins
  7 hobgoblins
  10 jackals
  7 kobolds
  2 quokkas (D:3)
  8 bats
  8 frilled lizards
  A leopard gecko skeleton (D:4)
  11 rats
103 creatures vanquished.

Notes
Turn   | Place    | Note
-------+----------+-------------------------------------------
     0 | D:1      | LLavrengius the Octopode Fighter began the quest for the
                  | Orb.
     0 | D:1      | Reached XP level 1. HP: 16/16 MP: 1/1
    76 | D:1      | Reached XP level 2. HP: 21/21 MP: 2/2
   563 | D:1      | Reached XP level 3. HP: 24/26 MP: 3/3
  1097 | D:2      | Found a stormy altar of Qazlal.
  1100 | D:2      | Found a radiant altar of Vehumet.
  1103 | D:2      | Found an ancient bone altar of Kikubaaqudgha.
  1354 | D:3      | Reached skill level 4 in Shields
  1354 | D:3      | Reached XP level 4. HP: 18/32 MP: 4/4
  1605 | D:3      | Reached XP level 5. HP: 35/37 MP: 5/5
  2275 | D:4      | Noticed Duvessa
  2415 | D:4      | Found an ornate altar of the Wu Jian Council.
  2445 | D:4      | Reached skill level 5 in Shields
  2697 | D:4      | Noticed Dowan
  2702 | D:4      | Noticed an ogre
  2705 | D:4      | Found a shimmering altar of Xom.
  2709 | D:4      | Killed an ogre
  2709 | D:4      | Reached XP level 6. HP: 16/43 MP: 6/6
  2727 | D:4      | Found a glowing drain.
  2761 | Sewer    | Entered a sewer
  3050 | Sewer    | Noticed Purgy
  3060 | Sewer    | HP: 2/66 [Purgy (3)]
  3062 | Sewer    | Killed Purgy
  3062 | Sewer    | Reached XP level 7. HP: 3/49 MP: 7/7
  3770 | D:4      | Reached skill level 6 in Shields
  3809 | D:4      | Found a runed door.
  3813 | D:4      | Noticed Crazy Yiuf
  3819 | D:4      | Killed Crazy Yiuf
  4146 | D:4      | Killed Dowan
  4151 | D:4      | Slain by Duvessa

Vault maps used:
D:1:      dpeg_arrival_pits, minmay_misc_feat_chi
D:2:      grunt_temple_overflow_diamond
D:3:      first_ration
D:4:      lemuel_round_altar, nicolae_overflow_crystal_walls,
          portal_sewer_entry_c, wad_orctagon, uniq_crazy_yiuf_cottage,
          uniq_duvessa
Sewer:    sewer_co_purgy_island

Skill      XL: |  1  2  3  4  5  6  7 |
---------------+----------------------+-----
Shields        | 4 5 6 |  6.2
Long Blades    | 3 4 |  4.2
Fighting       | 4 |  4.8
Dodging        | |  3.0

Action                   |  1- 3 |  4- 6 |  7- 9 || total
-------------------------+-------+-------+-------++-------
Melee: Long sword        |    42 |       |       ||    42
       Constrict         |    23 |    24 |     9 ||    56
       Tentacles         |    12 |    16 |     7 ||    35
       Scimitar          |    21 |    90 |    29 ||   140
  Use: Scroll            |       |    14 |     2 ||    16
       Potion            |       |     2 |       ||     2
 Stab: Sleeping          |     4 |     2 |       ||     6
  Eat: Chunk             |     1 |     6 |     2 ||     9
Armor: Skin              |     9 |     6 |       ||    15
Dodge: Dodged            |    30 |    47 |    10 ||    87
Block: Shield            |    33 |    41 |    14 ||    88
       Rpst.: Long sword |     6 |       |       ||     6
       Scimitar          |     6 |    14 |     3 ||    23

Table legend:
 A = Non-vault XP
 B = Vault XP
 C = Vault XP percentage of total XP
 D = Non-vault monster count
 E = Vault monster count
 F = Vault count percentage of total count
                 A         B        C        D         E       F
            +---------+---------+-------+---------+---------+-------
      Total |     545 |     311 |  36.3 |      80 |      23 |  22.3
            +---------+---------+-------+---------+---------+-------
        D:1 |      42 |       0 |   0.0 |      24 |       0 |   0.0
        D:2 |       6 |       0 |   0.0 |       5 |       0 |   0.0
        D:3 |     207 |       0 |   0.0 |      40 |       0 |   0.0
        D:4 |     290 |     135 |  31.8 |      11 |      14 |  56.0
      Sewer |       0 |     176 | 100.0 |       0 |       9 | 100.0
            +---------+---------+-------+---------+---------+-------
